 Dungeon Crawl Stone Soup version 0.24-a0-203-gf0bc1e9 (console) character file.

Game seed: 16765869833522830065

203 bli the Slasher (level 5, -7/41 HPs)
             Began as a Demonspawn Abyssal Knight on Mar 26, 2019.
             Was a Believer of Lugonu.
             Killed by divine providence
             ... invoked by an orc priest
              (13 damage)
             ... on level 3 of the Dungeon.
             The game lasted 00:07:08 (2138 turns).

bli the Slasher (Demonspawn Abyssal Knight)         Turns: 2138, Time: 00:07:08

Health: -7/41      AC: 12    Str: 13    XL:     5   Next: 51%
Magic:  6/6        EV: 12    Int: 13    God:    Lugonu [**....]
Gold:   176        SH:  0    Dex: 13    Spells: 4/4 levels left

rFire    . . .     SeeInvis .   a - +1 falchion
rCold    . . .     Gourm    .   (no shield)
rNeg     . . .     Faith    .   b - +0 leather armour
rPois    .         Spirit   .   m - +2 helmet
rElec    .         Reflect  .   (no cloak)
rCorr    .         Harm     .   (no gloves)
MR       .....                  (no boots)
Stlth    +.........             (no amulet)
HPRegen  0.13/turn              o - ring of wizardry
MPRegen  0.10/turn              (no ring)

@: sanguine armour
A: talons 1, powered by pain 2, sanguine armour 1
a: Depart the Abyss, Bend Space, Renounce Religion


You were on level 3 of the Dungeon.
You worshipped Lugonu.
Lugonu was pleased with you.
You were not hungry.

You visited 1 branch of the dungeon, and saw 3 of its levels.
You visited the Abyss 1 time.

You collected 176 gold pieces.

Inventory:

Hand Weapons
 a - a +1 falchion (weapon)
Missiles
 d - 60 stones (quivered)
 h - 18 poisoned needles
Armour
 b - a +0 leather armour (worn)
 k - a +0 ring mail
 m - a +2 helmet (worn)
 n - a +2 large shield
 s - a +0 scale mail
Jewellery
 o - a ring of wizardry (left hand)
Wands
 i - a wand of flame (22)
Scrolls
 l - a scroll of fear {unknown}
 q - a scroll of identify {unknown}
Potions
 e - 2 potions of curing {unknown}
 f - a potion of degeneration {unknown}
 g - a potion of agility {unknown}
 p - 2 potions of haste {unknown}
 r - a potion of ambrosia {unknown}
Comestibles
 c - 4 rations
 j - 19 chunks of flesh


   Skills:
 - Level 3.0 Fighting
 + Level 4.4 Long Blades
 - Level 1.7 Armour
 * Level 2.9 Dodging
 - Level 2.4 Invocations


You had 4 spell levels left.
You didn't know any spells.
Your spell library was empty.

Dungeon Overview and Level Annotations

Branches:
Dungeon (3/15)

Altars:
Vehumet


Innate Abilities, Weirdness & Mutations

You have sharp toenails.
You sometimes gain power by taking damage.
When seriously injured, your bleeding wounds create armour. (AC +6)


Message History

* * * LOW HITPOINT WARNING * * *
The orc priest miscasts a cantrip.
You hit the orc.
The orc is lightly wounded.
The orc barely misses you. The orc hits you but does no damage.
You hit the orc but do no damage.
The orc is lightly wounded.
The orc closely misses you.
The kobold throws a stone.
The stone barely misses you.
The stone hits the orc but does no damage.
The orc hits you with a +0 flail!
* * * LOW HITPOINT WARNING * * *
The orc barely misses you.
You riposte.
You hit the orc.
The orc is moderately wounded.
The orc throws a stone.
The stone closely misses you.
The orc priest looks encouraged for a moment.
There is a stone staircase leading up here.
The orc barely misses you.
The orc priest calls down the wrath of Beogh upon you.
Beogh smites you!
You die...

###.#### ........
...#####.###.####
#........ #.####
#.......# ##.....
#..(....#.#######
#.......#..#
#..........## .#
#####...(.......##.#
#.......(..........#
#...@o..(.....#..#.#
#!.oK(...........#.#
.......†.........##.#.#
.....o................#
.................###..#
.....#######..........##
..... ###.........)
..... ########..# ....
##.# #.. ##.


You could see an orc priest, 2 orcs and a kobold.

Vanquished Creatures
  A crimson imp (D:3)
  A worker ant (D:3)
  3 gnolls (D:3)
  4 adders
  An ooze (D:1)
  2 worms
  2 dart slugs (D:2)
  2 leopard geckos
  6 orcs (D:3)
  3 giant cockroaches (D:1)
  9 goblins
  6 hobgoblins
  4 jackals (D:1)
  A quokka (D:3)
  3 bats
  7 frilled lizards
  3 kobolds (D:1)
  3 rats
61 creatures vanquished.

Notes
Turn   | Place    | Note
-------+----------+-------------------------------------------
     0 | Abyss:1  | bli the Demonspawn Abyssal Knight began the quest for the
                  | Orb.
     0 | Abyss:1  | Reached XP level 1. HP: 18/18 MP: 2/2
    71 | Abyss:2  | Noticed a spatial maelstrom
    72 | Abyss:2  | Noticed an ancient zyme
    75 | Abyss:2  | Noticed a spatial vortex
    78 | Abyss:2  | Noticed a spatial vortex
    78 | Abyss:2  | Noticed a hornet
    79 | Abyss:2  | Noticed a spatial vortex
    79 | Abyss:2  | Noticed a spatial vortex
    80 | D:1      | Escaped the Abyss
   231 | D:1      | Reached skill level 1 in Dodging
   270 | D:1      | Reached skill level 2 in Long Blades
   321 | D:1      | Gained mutation: You have sharp toenails. [demonic
                  | ancestry]
   321 | D:1      | Reached XP level 2. HP: 19/24 MP: 3/3
   813 | D:1      | Reached * piety under Lugonu
   927 | D:1      | Gained mutation: You sometimes gain a little power by
                  | taking damage. [demonic ancestry]
   927 | D:1      | Reached XP level 3. HP: 29/29 MP: 4/4
  1334 | D:2      | Reached skill level 3 in Long Blades
  1605 | D:2      | Found a radiant altar of Vehumet.
  1712 | D:2      | Gained mutation: When seriously injured, your bleeding
                  | wounds create armour. (AC +6) [demonic ancestry]
  1712 | D:2      | Reached XP level 4. HP: 23/35 MP: 5/5
  2006 | D:3      | Reached ** piety under Lugonu
  2028 | D:3      | Reached skill level 4 in Long Blades
  2028 | D:3      | Gained mutation: You sometimes gain power by taking damage.
                  | [demonic ancestry]
  2028 | D:3      | Reached XP level 5. HP: 25/41 MP: 6/6
  2138 | D:3      | Killed from afar by an orc priest

Levels and vault maps discovered:
D:1:      tarquinn_simple_flora_water_d, layout_loops_corners,
          chequers_serial_rivers_micro_a, kennysheep_decorative_pillar
D:2:      layout_rooms, overflow_temple_1_default, serial_glass,
          glass_columns_b, glass_columns_b, kennysheep_generic_room_10
D:3:      layout_basic
Abyss:1
Abyss:2:  eino_small_chamber_without_monster

Skill      XL: |  1  2  3  4 |
---------------+-------------+-----
Dodging        | 1 2 |  2.9
Long Blades    | 2 3 4 |  4.4
Fighting       | |  3.0
Armour         | |  1.7
Invocations    | |  2.4

Action                   |  1- 3 |  4- 6 || total
-------------------------+-------+-------++-------
Melee: Falchion          |    82 |    65 ||   147
       Kick              |    20 |    24 ||    44
Throw: Stone             |     3 |       ||     3
Invok: Depart the Abyss  |     1 |       ||     1
  Eat: Chunk             |     2 |     2 ||     4
Armor: Leather armour    |    20 |    19 ||    39
Dodge: Dodged            |    49 |    41 ||    90
       Rpst.: Falchion   |    14 |    13 ||    27

Table legend:
 A = Non-vault XP
 B = Vault XP
 C = Vault XP percentage of total XP
 D = Non-vault monster count
 E = Vault monster count
 F = Vault count percentage of total count
                 A         B        C        D         E       F
            +---------+---------+-------+---------+---------+-------
      Total |     291 |       0 |   0.0 |      61 |       0 |   0.0
            +---------+---------+-------+---------+---------+-------
        D:1 |      50 |       0 |   0.0 |      26 |       0 |   0.0
        D:2 |      53 |       0 |   0.0 |      14 |       0 |   0.0
        D:3 |     188 |       0 |   0.0 |      21 |       0 |   0.0
            +---------+---------+-------+---------+---------+-------
